 Dungeon Crawl Stone Soup version 0.29.1-15-g9cfb28693d (webtiles) character file.

Game seed: 8903371047300465761

3185 promet the Thaumaturge (level 9, 0/42 HPs)
             Began as a Vine Stalker Necromancer on Feb 26, 2023.
             Was an Initiate of Nemelex Xobeh.
             Slain by a slime creature (8 damage)
             ... on level 7 of the Dungeon.
             The game lasted 01:10:38 (9740 turns).

promet the Thaumaturge (Vine Stalker Necromancer)   Turns: 9740, Time: 01:10:38

Health: 0/42       AC:  5    Str: 12    XL:     9   Next: 95%
Magic:  0/22       EV: 12    Int: 19    God:    Nemelex Xobeh [......]
Gold:   405        SH:  0    Dex: 14    Spells: 7/25 levels left

rFire   . . .      SeeInvis .   a - +0 great sword
rCold   . . .      Faith    .   (shield currently unavailable)
rNeg    . . .      Spirit   +   d - +0 robe
rPois   .          Reflect  .   o - +1 helmet
rElec   .          Harm     .   (no cloak)
rCorr   +          Rampage  .   y - +0 pair of gloves
Will    +....                   (no boots)
Stlth   ++........              (no amulet)
HPRegen 0.94/turn               u - ring of resist corrosion
MPRegen 0.18/turn               (no ring)

@: very slightly contaminated, hasted, very quick
A: fangs 3, regeneration 1, magic shield, antimagic bite, no potion heal 2
a: Renounce Religion, Draw Escape, Draw Destruction, Draw Summoning


You were on level 7 of the Dungeon.
You worshipped Nemelex Xobeh.
Nemelex Xobeh was noncommittal.
You visited 1 branch of the dungeon, and saw 7 of its levels.

You collected 405 gold pieces.

Inventory:

Hand Weapons
 a - a +0 great sword (weapon)
 c - a +4 spear
 e - a +0 mace
 j - a +0 battleaxe
 l - a +0 short sword
 p - a +0 war axe
 t - a +2 mace of protection
 w - a +0 flail
 x - a +2 trident of venom
 B - a +0 long sword
 E - a +1 short sword of freezing
Missiles
 h - 64 stones
 n - 5 boomerangs
 q - 4 atropa-tipped darts
 D - a throwing net
Armour
 d - a +0 robe (worn)
 o - a +1 helmet (worn)
 y - a +0 pair of gloves (worn)
 G - a +0 leather armour
Jewellery
 u - a ring of resist corrosion (left hand)
 F - a ring of see invisible
Wands
 s - a wand of flame (33) (quivered)
 v - a wand of charming (26)
 z - a wand of roots (13)
Scrolls
 i - 2 scrolls of vulnerability
 m - 3 scrolls of identify
 r - 2 scrolls of enchant armour
 A - a scroll of magic mapping
Potions
 f - a potion of brilliance
 g - 4 potions of lignification
 k - a potion of curing
 C - a potion of flight
 H - a potion of haste


   Skills:
 + Level 2.1 Fighting
 + Level 0.2(1.2) Short Blades
 + Level 2.1 Long Blades
 + Level 0.4 Axes
 + Level 0.3 Throwing
 + Level 2.5 Dodging
 + Level 3.7 Stealth
 + Level 0.1 Unarmed Combat
 + Level 8.7 Spellcasting
 + Level 0.7 Conjurations
 + Level 8.2 Necromancy
 + Level 1.0 Air Magic
 + Level 0.2 Earth Magic
 + Level 0.4 Poison Magic
 * Level 5.0 Evocations


You had 7 spell levels left.
You knew the following spells:

 Your Spells              Type           Power      Damage    Failure   Level
a - Necrotise             Necr           100%       1d9       1%          1
b - Vampiric Draining     Necr           39%        2d8       1%          3
c - Static Discharge      Conj/Air       11%        3-5/arc   9%          2
d - Passwall              Tmut/Erth      6%         N/A       12%         2
e - Animate Dead          Necr           39%        N/A       2%          4
f - Dispel Undead         Necr           39%        3d16      2%          4
g - Poisonous Vapours     Pois/Air       22%        N/A       10%         2

Your spell library contained the following spells:

 Spells                   Type           Power      Damage    Failure   Level
 Agony                    Necr           39%        N/A       8%          5
 Summon Small Mammal      Summ           32%        N/A       9%          1
 Ensorcelled Hibernation  Hex/Ice        16%        N/A       13%         2
 Swiftness                Air            12%        N/A       17%         3
 Corpse Rot               Necr/Pois/Air  20%        N/A       22%         4
 Call Canine Familiar     Summ           8%         N/A       26%         3
 Summon Guardian Golem    Hex/Summ       8%         N/A       26%         3
 Sticky Flame             Conj/Fire      9%         2d3       58%         4


Dungeon Overview and Level Annotations

Branches:
Dungeon (7/15)             Temple (0/1) D:6

Altars:
Hepliaklqana
Makhleb
Nemelex Xobeh
Okawaru
Xom

Shops:
D:2 *


Innate Abilities, Weirdness & Mutations

You have razor-sharp teeth.
Your natural rate of healing is unusually fast.
When hurt, damage is shared between your health and your magic reserves.
Your bite disrupts and absorbs the magic of your enemies.
Potions cannot restore your health.


Message History

The lightning grounds out.
The slime creature closely misses you.
Casting: Static Discharge (safe; 9% risk of failure)
Confirm with . or Enter, or press ? or * to list all spells.
You miscast Static Discharge.
You are very lightly contaminated with residual magic.
Nothing appears to happen.
The slime creature barely misses you.
Casting: Static Discharge (safe; 9% risk of failure)
Confirm with . or Enter, or press ? or * to list all spells.
You miscast Static Discharge.
Nothing appears to happen.
The slime creature closely misses you.
Casting: Static Discharge (safe; 9% risk of failure)
Confirm with . or Enter, or press ? or * to list all spells.
The slime creature is struck by an arc of lightning.
The slime creature is moderately wounded.
You are struck by an arc of lightning.
The slime creature is struck by an arc of lightning.
The slime creature is moderately wounded.
The lightning grounds out.
The slime creature hits you!
You slash the slime creature!
You bite the slime creature, but do no damage.
The slime creature is heavily wounded.
The slime creature hits you!! The slime creature hits you!
* * * LOW HITPOINT WARNING * * *
Okay, then.
Okay, then.
Okay, then.
Casting: Static Discharge (safe; 9% risk of failure)
Confirm with . or Enter, or press ? or * to list all spells.
Okay, then.
You have no ailments to cure.
Casting: Static Discharge (safe; 9% risk of failure)
Confirm with . or Enter, or press ? or * to list all spells.
Aiming: Necrotise (safe; 1% risk of failure)
Press: ? - help, Shift-Dir - straight line, f/p - slime creature
Aim: a slime creature (heavily wounded, chance to affect: 70%)
The slime creature struggles to resist.
The slime creature hits you.
* * * LOW HITPOINT WARNING * * *
You feel yourself speed up. The slime creature hits you!
You die...
Your body disappears without a glow.

..........########
########...#J....# #
##...####.######
.##..# #......# ####
..##.####......#.....
..#[.#........#....
#.##.#............
#..#J#..J.....#.
#$.#.#..@.....#
#..#)#........#
#..#..)######
#.##)).# #..#)...###
#.รท##).....#
#...#.###...#
....##.# #...#
.....#..# #####


You could see a slime creature.

Vanquished Creatures
  Pikel (D:6)
  A water moccasin (D:6)
  2 black bears
  A sky beast (D:6)
  3 ice beasts
  A centaur (D:7)
  An ogre (D:5)
  3 phantoms
  4 bullfrogs (D:7)
  A gnoll sergeant (D:7)
  3 scorpions
  6 wights
  A killer bee (D:7)
  A howler monkey (D:5)
  3 jellies
  An orc priest (D:3)
  A gnoll bouda (D:6)
  3 hounds
  Terence (D:3)
  2 iguanas (D:5)
  6 orc wizards
  3 gnolls (D:6)
  2 adders (D:5)
  3 white imps
  A worm (D:2)
  3 dart slugs
  26 orcs
  8 endoplasms
  8 giant cockroaches
  7 goblins
  6 hobgoblins
  11 jackals
  5 quokkas
  11 ball pythons
  A frilled lizard (D:2)
  3 kobolds
  9 rats
153 creatures vanquished.

Vanquished Creatures (collateral kills)
  A sky beast (D:7)
  A scorpion (D:7)
  A howler monkey (D:7)
  An orc (D:5)
  A goblin (D:3)
  2 jackals
  A quokka (D:1)
  A ball python (D:1)
  A kobold (D:3)
  3 rats (D:1)
13 creatures vanquished.

Vanquished Creatures (others)
  A bullfrog zombie (D:7)
  A scorpion zombie (D:7)
  A sky beast zombie (D:7)
3 creatures vanquished.

Grand Total: 169 creatures vanquished

Notes
Turn   | Place    | Note
-------+----------+-------------------------------------------
     0 | D:1      | promet the Vine Stalker Necromancer began the quest for the
                  | Orb.
     0 | D:1      | Reached XP level 1. HP: 9/9 MP: 4/4
   221 | D:1      | Reached XP level 2. HP: 12/13 MP: 4/6
   476 | D:1      | Found a faded altar of an unknown god.
   587 | D:1      | Reached XP level 3. HP: 16/16 MP: 3/7
  1609 | D:2      | Learned a level 3 spell: Vampiric Draining
  1963 | D:2      | Found Kufuwn's Assorted Antiques.
  2125 | D:2      | Gained mutation: Your natural rate of healing is unusually
                  | fast. [Vine Stalker growth]
  2125 | D:2      | Reached XP level 4. HP: 21/21 MP: 9/9
  2589 | D:3      | Noticed Terence
  2601 | D:3      | Killed Terence
  2861 | D:3      | Reached skill level 5 in Necromancy
  3139 | D:3      | Reached XP level 5. HP: 25/25 MP: 7/11
  3931 | D:4      | Reached XP level 6. HP: 29/29 MP: 13/13
  4844 | D:5      | Entered Level 5 of the Dungeon
  5229 | D:5      | Noticed a black bear
  5645 | D:5      | Reached skill level 5 in Spellcasting
  5645 | D:5      | Reached XP level 7. HP: 32/32 MP: 2/16
  5649 | D:5      | Found a sparkling altar of Nemelex Xobeh.
  5650 | D:5      | Found an iron altar of Okawaru.
  6089 | D:5      | Reached skill level 1 in Fighting
  6156 | D:5      | Became a worshipper of Nemelex Xobeh the Trickster
  6224 | D:5      | Found a burning altar of Makhleb.
  6406 | D:5      | Learned a level 2 spell: Static Discharge
  6692 | D:5      | Reached skill level 1 in Long Blades
  7005 | D:6      | Reached skill level 1 in Evocations
  7005 | D:6      | Gained mutation: You have razor-sharp teeth. [Vine Stalker
                  | growth]
  7005 | D:6      | Reached XP level 8. HP: 34/37 MP: 8/18
  7512 | D:6      | Found a staircase to the Ecumenical Temple.
  7856 | D:6      | Learned a level 2 spell: Passwall
  8146 | D:6      | Reached XP level 9. HP: 28/42 MP: 9/21
  8307 | D:6      | Learned a level 4 spell: Animate Dead
  8312 | D:6      | Learned a level 4 spell: Dispel Undead
  8644 | D:6      | Found a hazy altar of Hepliaklqana.
  8646 | D:6      | Found a shimmering altar of Xom.
  8647 | D:6      | Noticed a spectral ugly thing
  8746 | D:6      | Noticed Pikel
  8891 | D:6      | Killed Pikel
  9231 | D:7      | Learned a level 2 spell: Poisonous Vapours
  9475 | D:7      | Reached skill level 1 in Air Magic
  9540 | D:7      | Reached skill level 5 in Evocations
  9740 | D:7      | Slain by a slime creature

Illustrated notes

Levels and vault maps discovered:
D:1:      minmay_arrival_jagged, layout_loops_corners,
          hellmonk_ecumenical_altar_blasted, minmay_misc_feat_x,
          amethyst_killhole, minmay_rat_gold_closets
D:2:      layout_basic, serial_shops, nicolae_shop_overgrown_old_shop
D:3:      layout_loops_ring, uniq_terence
D:4:      layout_loops_ring, nicolae_figureground_pulse
D:5:      nicolae_cairo_tiling_large, layout_layer_cave,
          mainiacjoe_overflow_alcove_4, jmf_multi_god_temple
D:6:      layout_rooms, regret_index_temple_of_mockery,
          minmay_temple_entry_overgrown, nicolae_ossuary_entry_false_entrances,
          uniq_pikel
D:7:      layout_basic, grunt_decor_arrowhead, nzn_random_ring

Skill      XL: |  1  2  3  4  5  6  7  8  9 |
---------------+----------------------------+-----
Spellcasting   | 3 4 5 6 7 8 |  8.7
Stealth        | 3 |  3.7
Necromancy     | 5 6 7 8 |  8.2
Dodging        | 2 |  2.5
Fighting       | 1 2 |  2.1
Long Blades    | 1 2 |  2.1
Evocations     | 1 3 5 |  5.0
Air Magic      | 1 |  1.0
Short Blades   | |  0.2
Axes           | |  0.4
Throwing       | |  0.3
Unarmed Combat | |  0.1
Conjurations   | |  0.7
Earth Magic    | |  0.2
Poison Magic   | |  0.4

Action                   |  1- 3 |  4- 6 |  7- 9 || total
-------------------------+-------+-------+-------++-------
Melee: Unarmed           |     5 |       |       ||     5
       Mace              |    11 |       |       ||    11
       Bite              |    10 |    12 |     7 ||    29
       Short sword       |    14 |       |       ||    14
       War axe           |     7 |    15 |       ||    22
       Punch             |     1 |     2 |       ||     3
       Long sword        |       |    31 |     5 ||    36
       Great sword       |       |       |    13 ||    13
Throw: Boomerang         |       |     5 |     9 ||    14
 Cast: Necrotise         |    53 |    94 |   127 ||   274
       Vampiric Draining |     1 |     7 |    11 ||    19
       Static Discharge  |       |       |    18 ||    18
       Animate Dead      |       |       |     6 ||     6
       Poisonous Vapours |       |       |     5 ||     5
       Passwall          |       |       |     1 ||     1
Evoke: Wand              |       |     3 |    52 ||    55
  Use: Scroll            |     2 |     6 |     4 ||    12
       Potion            |       |     6 |     6 ||    12
 Stab: Sleeping          |     6 |     2 |       ||     8
Armor: Robe              |     9 |    13 |    32 ||    54
Dodge: Dodged            |    32 |    35 |    76 ||   143
